 Dungeon Crawl Stone Soup version 0.27-a0-1319-geec4fb4e21 (webtiles) character file.

Game seed: 5077697336098924259

1897 spiderkeys the Schismatic (level 9, -4/63 HPs)
             Began as an Octopode Abyssal Knight on June 22, 2021.
             Was an Elder of Lugonu.
             Slain by a wraith (11 damage)
             ... in an ossuary.
             The game lasted 00:16:20 (9429 turns).

spiderkeys the Schismatic (Octopode Abyssal Knight) Turns: 9429, Time: 00:16:20

Health: -4/63      AC:  1    Str: 14    XL:     9   Next: 15%
Magic:  6/13       EV: 15    Int: 15    God:    Lugonu [****..]
Gold:   425        SH:  5    Dex: 11    Spells: 8/8 levels left

rFire    . . .     SeeInvis .   b - +1 spear (venom)
rCold    . . .     Faith    .   (no shield)
rNeg     . . .     Spirit   .   (helmet restricted)
rPois    .         Reflect  +   p - amulet of reflection
rElec    .         Harm     .   L - ring of flight
rCorr    .         Rampage  .   (no ring)
Will     .....                  (no ring)
Stlth    ++........             (no ring)
HPRegen  0.20/turn              (no ring)
MPRegen  0.13/turn              (no ring)
                                (no ring)
                                (no ring)

@: flying, slowed, very slow
A: almost no armour, amphibious, 8 rings, camouflage 1, gelatinous body 1,
(nimble swimmer 1), tentacles
a: Renounce Religion, Depart the Abyss, Bend Space, Banish, Corrupt


You were in an ossuary.
You worshipped Lugonu.
Lugonu was greatly pleased with you.
You visited 1 branch of the dungeon, and saw 6 of its levels.
You visited the Abyss 1 time.
You also visited: Ossuary.

You collected 425 gold pieces.


Innate Abilities, Weirdness & Mutations

You cannot wear most types of armour.
You are amphibious.
You can wear up to eight rings at the same time.
Your skin changes colour to match your surroundings (Stealth+).
Your rubbery body absorbs attacks. (AC +1, EV +1)
((You are camouflaged near water. (Stealth+)))
You have tentacles for arms and can constrict up to eight enemies at once.


   Skills:
 + Level 6.4 Fighting
 + Level 6.1 Polearms
 + Level 6.3 Dodging
 + Level 6.5 Invocations


You had 8 spell levels left.
You didn't know any spells.
Your spell library contained the following spells:

 Spells                   Type           Power      Damage    Failure   Level
 Animate Skeleton         Necr           0%         N/A       26%         1
 Apportation              Tloc           0%         N/A       26%         1
 Beastly Appendage        Tmut           0%         N/A       26%         1
 Corona                   Hex            0%         N/A       26%         1
 Summon Small Mammal      Summ           0%         N/A       26%         1
 Wereblood                Tmut           0%         N/A       38%         2
 Spider Form              Tmut/Pois      0%         N/A       63%         3
 Ice Form                 Ice/Tmut       0%         N/A       95%         4

Inventory:

Hand Weapons
 a - a +1 spear
 b - a +1 spear of venom (weapon)
   (You took it off a gnoll on level 5 of the Dungeon)
Missiles
 h - 20 arrows
 j - 184 stones
 n - 73 poisoned darts
 o - 5 boomerangs
 r - 20 sling bullets
 u - 44 bolts
 w - 2 throwing nets {=f!f}
Jewellery
 p - an amulet of reflection (around mantle)
   (You found it on level 2 of the Dungeon)
 G - an amulet of guardian spirit
   (You found it on level 3 of the Abyss)
 L - a ring of flight (left tentacle)
   (You found it on level 3 of the Dungeon)
Scrolls
 d - a scroll of immolation {!r!r}
 e - 2 scrolls of amnesia
 f - 2 scrolls of noise {!r}
 k - a scroll of vulnerability {!r!r}
 l - a scroll of torment {!r}
 q - 2 scrolls of enchant armour
 v - a scroll of blinking {!r}
Potions
 c - a potion of lignification {unknown}
 i - 2 potions of curing {@q1}
 m - a potion of heal wounds {unknown}
 s - 2 potions of mutation {unknown}
 t - a potion of might {unknown}
 x - a potion of invisibility {unknown}

Dungeon Overview and Level Annotations

Branches:
Dungeon (6/15)             Temple (0/1) D:5         Ossuary (1/1)

Altars:
Hepliaklqana
Kikubaaqudgha
Makhleb
Vehumet
Zin

#...##...##...#
##...##'##...## .
...##......ยง..##...
..Z.#####'#####....
...................
.............Z.....
########'''########
####..Z####
#..'..W@..#
#..#...#..#
####...#### #...#
#...# #...# #...#
#...# ##'''##


You could see a wraith and a gnoll skeleton.


Message History

You take 1 damage, and now have 46/63 hp.
You hit the wraith but do no damage. The wraith misses you.
Unknown command.
You closely miss the wraith. The wraith completely misses you.
You hit the wraith. You squeeze the wraith. The wraith barely misses you.
The wraith hits you! The wraith drains your vigour!
You feel as though you will be slow longer. ๐Ÿ˜ฎ HP[-11]
You take 11 damage, and now have 35/63 hp.
You hit the wraith but do no damage.
The wraith closely misses you. ๐Ÿ˜ฎ HP[+1] Unknown command.
You hit the wraith but do no damage. You block the wraith's attack.
You hit the wraith but do no damage. The wraith misses you.
You hit the wraith but do no damage. Your squeeze misses the wraith.
You block the wraith's attack.
You barely miss the wraith. The wraith barely misses you. The wraith hits you!
* * * LOW HITPOINT WARNING * * *
The wraith drains your vigour!
You feel as though you will be slow longer. ๐Ÿ˜จ HP[-11]
You take 11 damage, and now have 25/63 hp.
You closely miss the wraith. The wraith hits you!
* * * LOW HITPOINT WARNING * * *
๐Ÿ˜ฑ HP[-13]
You take 13 damage, and now have 12/63 hp.
MASSIVE DAMAGE!! (PAUSE)
Okay, then.
Space bends around you!
You blink. ๐Ÿ˜ฑ HP[-2] MP[-1]
You take 2 damage, and now have 10/63 hp.
You lost 1 mp, and now have 12/13 mp.
Space bends sharply around you!
You blink.
You block the wraith's attack. ๐Ÿ˜ฑ HP[-2] MP[-1]
You take 2 damage, and now have 8/63 hp.
You lost 1 mp, and now have 11/13 mp.
Unknown command.
Space bends around you!
You blink. ๐Ÿ˜ฑ HP[-1] MP[-1]
You take 1 damage, and now have 7/63 hp.
You lost 1 mp, and now have 10/13 mp.
Okay, then.
Aiming: Iceblast
Press: ? - help, Shift-Dir - straight line, f - wraith
Aim: a wraith (translocational energy, severely damaged)
The mass of ice explodes!
The iceblast engulfs the wraith!
The wraith partially resists.
The now-empty wand crumbles to dust.
You feel better. ๐Ÿ˜ฑ HP[+7] MP[+1]
You regained 7 hp, and now have 14/63 hp.
Okay, then.
Reach: b) +1 spear (venom)
Press: ? - help, Dir - move target, f/p - wraith
Aim: a wraith (almost destroyed, about 34% to evade your +1 spear of venom)
You reach to attack!
You hit the wraith but do no damage. ๐Ÿ˜ฑ HP[+1] Space bends sharply around you!
The wraith blinks!
You blink. ๐Ÿ˜ฑ HP[-2] MP[-1]
You take 2 damage, and now have 13/63 hp.
You lost 1 mp, and now have 10/13 mp.
Unknown command.
A gnoll skeleton comes into view.
Okay, then.
Okay, then.
Throw: 185 stones
Press: ? - help, Shift-Dir - straight line, f/p - wraith
Aim: a wraith (almost destroyed, 59% to hit)
You throw a stone.
The stone hits the wraith but does no damage.
An orc skeleton comes into view.
There is an open gate here. ๐Ÿ˜ฑ HP[+1] MP[+1]
A kobold skeleton comes into view.
Reach: b) +1 spear (venom)
Press: ? - help, Dir - move target, f/p - wraith
Aim: a wraith (almost destroyed, about 34% to evade your +1 spear of venom)
You reach to attack!
You hit the wraith.
You feel better. The wraith hits you!
* * * LOW HITPOINT WARNING * * *
The wraith drains your vigour!
You feel as though you will be slow longer. ๐Ÿ˜ฑ HP[-2]
You take 2 damage, and now have 12/63 hp.
Space bends around you!
You blink. ๐Ÿ˜ฑ HP[-2] MP[-1]
You take 2 damage, and now have 10/63 hp.
You lost 1 mp, and now have 10/13 mp.
Press: ? - help, Shift-Dir - straight line, f/p - wraith
Aim: a wraith (almost destroyed, chance to affect: 54%)
The wraith resists with significant effort.
You block the wraith's attack. The gnoll skeleton hits you.
* * * LOW HITPOINT WARNING * * *
The wraith hits you!
You die...

Skill      XL: |  1  2  3  4  5  6  7  8  9 |
---------------+----------------------------+-----
Dodging        | 3 4 5 6 |  6.3
Invocations    | 3 4 5 6 |  6.5
Polearms       | 3 4 5 6 |  6.1
Fighting       | 4 5 6 |  6.4

Action                   |  1- 3 |  4- 6 |  7- 9 || total
-------------------------+-------+-------+-------++-------
Melee: Spear             |    78 |   157 |   372 ||   607
       Constrict         |    15 |    37 |    71 ||   123
       Tentacles         |    13 |    31 |    66 ||   110
Throw: Dart              |       |       |    49 ||    49
       Stone             |       |       |     6 ||     6
Invok: Depart the Abyss  |     1 |       |       ||     1
       Bend Space        |       |     2 |    12 ||    14
       Banish            |       |       |     1 ||     1
Evoke: Wand              |       |    13 |     2 ||    15
  Use: Scroll            |       |       |     8 ||     8
       Potion            |       |       |     4 ||     4
 Stab: Sleeping          |    11 |     6 |     5 ||    22
       Distracted        |       |     2 |     2 ||     4
       Held in net/web   |       |       |     1 ||     1
Armor: Skin              |     8 |     2 |     4 ||    14
Dodge: Dodged            |    41 |    60 |   111 ||   212
Block: Other             |       |    17 |    39 ||    56
       Reflection        |       |     2 |     3 ||     5

Levels and vault maps discovered:
D:1:      mrwooster_arrival_statue, layout_loops_cross, serial_glass,
          glass_columns_b, glass_columns_c, glass_columns_a, glass_columns_c,
          glass_columns_a, glass_columns_a
D:2:      layout_loops_corners, nrook_mini_backslash, skrybe_limestone_x,
          minmay_pentomino_z2
D:3:      layout_loops_corners, nicolae_overflow_quartered_altars,
          nicolae_hepliaklqana_hazy_memory, basic_ecumenical_altar, uniq_jessica
D:4:      layout_basic, uniq_edmund
D:5:      lemuel_castle_with_subvaults [lemuel_castle_interior_carwin_2],
          layout_loops_ring, minmay_temple_entry_statues_fountains
D:6:      minmay_inner_zag, layout_loops_ring, ebering_ghost_gozag,
          gup_ossuary_entry_pyramid, serial_shops, shop
Ossuary:  ossuary_due_mausoleum

Notes
Turn   | Place    | Note
-------+----------+-------------------------------------------
     0 | Abyss:1  | spiderkeys the Octopode Abyssal Knight began the quest for
                  | the Orb.
     0 | Abyss:1  | Reached XP level 1. HP: 16/16 MP: 2/2
     0 | Abyss:1  | magus.rc [v1.9.10]
   140 | Abyss:3  | Noticed a fire dragon simulacrum
   191 | Abyss:3  | Noticed a ynoxinul
   192 | Abyss:3  | Noticed a rakshasa
   193 | Abyss:3  | Noticed an ancient zyme
   227 | Abyss:3  | Noticed a raiju
   254 | Abyss:3  | Noticed a tentacled starspawn
   287 | Abyss:3  | Noticed a mana viper
   289 | D:1      | You pass through the gate.
   289 | D:1      | Escaped the Abyss
   440 | D:1      | Reached XP level 2. HP: 21/21 MP: 3/3
   486 | D:1      | Reached * piety under Lugonu
   510 | D:1      | You pick up a book of Cantrips and begin reading...
   510 | D:1      | You add the spells Corona, Animate Skeleton, Summon Small
                  | Mammal and Apportation to your library.
   717 | D:1      | Reached XP level 3. HP: 26/26 MP: 4/4
  1346 | D:2      | Reached skill level 3 in Dodging
  1346 | D:2      | Reached XP level 4. HP: 31/31 MP: 4/6
  1795 | D:2      | Reached skill level 3 in Invocations
  1899 | D:2      | You pick up a book of Changes and begin reading...
  1899 | D:2      | You add the spells Beastly Appendage, Wereblood, Spider
                  | Form and Ice Form to your library.
  2164 | D:2      | Reached skill level 3 in Polearms
  2198 | D:2      | Reached XP level 5. HP: 36/37 MP: 7/7
  2472 | D:2      | Reached ** piety under Lugonu
  2898 | D:3      | Found an ancient bone altar of Kikubaaqudgha.
  2898 | D:3      | Found a burning altar of Makhleb.
  2899 | D:3      | Found a radiant altar of Vehumet.
  2922 | D:3      | Reached skill level 4 in Fighting
  2929 | D:3      | Found a glowing silver altar of Zin.
  3039 | D:3      | Noticed Jessica
  3041 | D:3      | Killed Jessica
  3042 | D:3      | Reached XP level 6. HP: 43/43 MP: 8/8
  3217 | D:3      | Found a hazy altar of Hepliaklqana.
  3562 | D:3      | Found a faded altar of an unknown god.
  4175 | D:4      | Reached skill level 4 in Dodging
  4276 | D:4      | Reached skill level 4 in Invocations
  4277 | D:4      | HP: 11/44 [orc priest (2)]
  4277 | D:4      | HP: 5/44 [orc (6)]
  4635 | D:4      | Noticed Edmund
  4646 | D:4      | Killed Edmund
  4647 | D:4      | Reached skill level 4 in Polearms
  4647 | D:4      | Reached XP level 7. HP: 15/49 MP: 8/10
  5812 | D:5      | Entered Level 5 of the Dungeon
  6145 | D:5      | Reached skill level 5 in Fighting
  6357 | D:5      | Reached *** piety under Lugonu
  6358 | D:5      | Reached skill level 5 in Dodging
  6358 | D:5      | Reached skill level 5 in Invocations
  6358 | D:5      | Reached XP level 8. HP: 33/55 MP: 11/11
  6564 | D:5      | Found a staircase to the Ecumenical Temple.
  6735 | D:5      | Reached skill level 5 in Polearms
  7957 | D:5      | Reached **** piety under Lugonu
  8009 | D:5      | Reached skill level 6 in Invocations
  8358 | D:5      | Reached skill level 6 in Fighting
  8668 | D:5      | Reached skill level 6 in Dodging
  8852 | D:6      | Reached XP level 9. HP: 31/62 MP: 10/13
  9050 | D:6      | Reached skill level 6 in Polearms
  9157 | D:6      | Found a sand-covered staircase.
  9166 | Ossuary  | Entered an ossuary
  9414 | Ossuary  | HP: 12/63 [wraith (13)]
  9427 | Ossuary  | HP: 12/63 [wraith (9)]
  9429 | Ossuary  | Slain by a wraith

Vanquished Creatures
  Edmund (D:4)
  A sky beast (D:5)
  2 ogres
  A kobold brigand (D:6)
  2 bullfrogs
  A water moccasin zombie (D:5)
  A water moccasin skeleton (D:5)
  A howler monkey (D:5)
  2 bullfrog skeletons (D:4)
  4 hounds
  2 centaur skeletons (D:5)
  A gnoll shaman (D:5)
  4 orc priests
  Jessica (D:3)
  3 iguanas (D:5)
  9 orc wizards
  2 mummies
  2 adders (D:2)
  23 gnolls
  A howler monkey skeleton (D:4)
  An adder skeleton (D:4)
  2 worms (D:2)
  39 orcs
  12 ball pythons
  6 bats
  4 endoplasms
  2 giant cockroaches (D:1)
  7 hobgoblins
  23 jackals
  7 kobolds
  3 quokkas
  4 frilled lizards
  A gnoll skeleton (Ossuary)
  7 goblins
  4 kobold skeletons (Ossuary)
  7 orc skeletons (Ossuary)
  5 rats
198 creatures vanquished.

Vanquished Creatures (others)
  7 plants
7 creatures vanquished.

Grand Total: 205 creatures vanquished

Table legend:
 A = Non-vault XP
 B = Vault XP
 C = Vault XP percentage of total XP
 D = Non-vault monster count
 E = Vault monster count
 F = Vault count percentage of total count
                 A         B        C        D         E       F
            +---------+---------+-------+---------+---------+-------
      Total |    1452 |    1259 |  46.4 |     126 |      72 |  36.4
            +---------+---------+-------+---------+---------+-------
        D:1 |      48 |       0 |   0.0 |      28 |       0 |   0.0
        D:2 |     122 |      45 |  26.9 |      28 |       2 |   6.7
        D:3 |     145 |      37 |  20.3 |      19 |       1 |   5.0
        D:4 |     280 |     169 |  37.6 |      21 |       1 |   4.5
        D:5 |     752 |     700 |  48.2 |      25 |      51 |  67.1
        D:6 |     105 |     278 |  72.6 |       5 |       4 |  44.4
    Ossuary |       0 |      30 | 100.0 |       0 |      13 | 100.0
            +---------+---------+-------+---------+---------+-------

Illustrated notes

Table legend:
 A = Kills in this place as a percentage of kills in entire the game.
 B = Kills by you in this place as a percentage of kills by you in the entire game.
 C = Kills by friends in this place as a percentage of kills by friends in the entire game.
 D = Other kills in this place as a percentage of other kills in the entire game.
 E = Experience gained in this place as a percentage of experience gained in the entire game.
 F = Experience gained in this place divided by the number of levels of this place that you have seen.
                   A       B       C       D       E      F
               +-------+-------+-------+-------+-------+----------------------
         Total | 100.0 | 100.0 |   N/A |   N/A | 100.0 | 271.1
       Dungeon |  93.4 |  93.4 |   N/A |   N/A |  98.9 | 446.8
       Ossuary |   6.6 |   6.6 |   N/A |   N/A |   1.1 |  30.0
               +-------+-------+-------+-------+-------+----------------------

Table legend: (Time is in decaauts)
 A = Elapsed time spent in this place.
 B = Non-inter-level travel time spent in this place.
 C = Inter-level travel time spent in this place.
 D = Time resting spent in this place.
 E = Time spent auto-exploring this place.
 F = Levels seen in this place.
 G = Mean time per level.
                   A        B        C        D        E       F      G
               +--------+--------+--------+--------+--------+-----+--------+
         Total |   9373 |   9110 |    263 |   1078 |   6170 |  10 |  937.3 |
       Dungeon |   8819 |   8556 |    263 |   1040 |   6068 |   6 | 1469.8 |
         Abyss |    288 |    288 |      0 |      0 |      1 |   3 |   96.0 |
       Ossuary |    265 |    265 |      0 |     38 |    101 |   1 |  265.0 |
               +--------+--------+--------+--------+--------+-----+--------+

Top non-repeatable levels by time:
     D:5: 2632 daAuts
     D:4: 2117 daAuts
     D:2: 1626 daAuts
     D:3: 1079 daAuts
     D:1: 959 daAuts
     D:6: 403 daAuts
 Ossuary: 265 daAuts
 Abyss:3: 174 daAuts
 Abyss:1: 70 daAuts
 Abyss:2: 43 daAuts
